 Dungeon Crawl Stone Soup version 0.26.1-11-gd32895ea62 (webtiles) character file.

Game seed: 4118132155486578802

85 Zeld the Twirler (level 4, 0/29 HPs)
             Began as an Octopode Gladiator on May 18, 2021.
             Slain by a gnoll
             ... wielding a +0 spear
              (2 damage)
             ... on level 2 of the Dungeon.
             The game lasted 00:02:47 (2556 turns).

Zeld the Twirler (Octopode Gladiator)               Turns: 2556, Time: 00:02:47

Health: 0/29       AC:  1    Str: 13    XL:     4   Next: 48%
Magic:  4/4        EV: 14    Int: 10    God:
Gold:   53         SH:  0    Dex: 14    Spells: 3/3 levels left

rFire    . . .     SeeInvis .   a - +0 quarterstaff
rCold    . . .     Faith    .   (shield currently unavailable)
rNeg     . . .     Spirit   .   b - +0 hat
rPois    .         Reflect  .   (no amulet)
rElec    .         Harm     .   (no ring)
rCorr    .         Rampage  .   (no ring)
Will     .....                  (no ring)
Stlth    ++........             (no ring)
HPRegen  0.09/turn              (no ring)
MPRegen  0.09/turn              (no ring)
                                (no ring)
                                (no ring)

@: no status effects
A: almost no armour, stealthy swim, amphibious, 8 rings, constrict 8, camouflage
1, gelatinous body 1
a: no special abilities


You were on level 2 of the Dungeon.
You visited 1 branch of the dungeon, and saw 2 of its levels.

You collected 53 gold pieces.

Inventory:

Hand Weapons
 a - a +0 quarterstaff (weapon)
Missiles
 c - 3 throwing nets (quivered)
 m - 8 boomerangs
Armour
 b - a +0 hat (worn)
Scrolls
 e - 4 scrolls of identify {unknown}
 f - a scroll of remove curse
 g - a scroll of teleportation {unknown}
 l - a scroll of enchant weapon {unknown}
 n - a scroll of random uselessness {unknown}
Potions
 d - a potion of mutation {unknown}
 h - a potion of haste {unknown}
 i - a potion of degeneration {unknown}
 j - 2 potions of berserk rage {unknown}
 k - a potion of magic {unknown}


   Skills:
 - Level 2.0 Fighting
 * Level 4.2 Staves
 * Level 3.4 Throwing
 - Level 3.0 Dodging


You had 3 spell levels left.
You didn't know any spells.
Your spell library was empty.

Dungeon Overview and Level Annotations

Branches:
Dungeon (2/15)

Altars:


Innate Abilities, Weirdness & Mutations

You cannot wear most types of armour.
You are very stealthy in the water. (Stealth+)
You are amphibious.
You can wear up to eight rings at the same time.
You can use your tentacles to constrict eight enemies at once.
Your skin changes colour to match your surroundings (Stealth+).
Your rubbery body absorbs attacks. (AC +1, EV +1)


Message History

The gnoll hits you with a +0 whip.
You release your grip on the gnoll.
The gnoll hits you with a +0 whip.
* * * LOW HITPOINT WARNING * * *
You see here a +0 whip.
You closely miss the gnoll. You grab the gnoll.
The gnoll is lightly wounded.
You constrict the gnoll. The gnoll closely misses you.
The gnoll barely misses you.
You thump the gnoll!
The gnoll is severely wounded.
You constrict the gnoll. The gnoll barely misses you.
The gnoll hits you with a +0 whip.
* * * LOW HITPOINT WARNING * * *
The gnoll misses you.
Unknown command.
You sock the gnoll!
You kill the gnoll!
The gnoll closely misses you.
The gnoll hits you from afar with a +0 spear.
You die...

#(...<.....####...##.).........
#.............(....((#.........
#..................)........###
#....................########
#....................#
#########............#
############.# #######.#
#@.g....#######
#S#####.......####
#.g.S.............
#######.#.....#### #.......#
###.##..# #.##.##
#####.##.##### #............#


You could see 2 gnolls and a ball python.

Vanquished Creatures
  Robin (D:1)
  2 gnolls (D:2)
  An ooze (D:1)
  A worm (D:2)
  2 leopard geckos
  A ball python (D:1)
  2 giant cockroaches (D:1)
  11 goblins
  12 hobgoblins
  A quokka (D:2)
  7 bats
  A frilled lizard (D:2)
  2 kobolds (D:1)
  10 rats
54 creatures vanquished.

Notes
Turn   | Place    | Note
-------+----------+-------------------------------------------
     0 | D:1      | Zeld the Octopode Gladiator began the quest for the Orb.
     0 | D:1      | Reached XP level 1. HP: 14/14 MP: 1/1
   120 | D:1      | Reached XP level 2. HP: 14/19 MP: 2/2
   621 | D:1      | Reached XP level 3. HP: 24/24 MP: 3/3
  1035 | D:2      | Noticed Robin
  1752 | D:1      | Killed Robin
  1753 | D:1      | Reached skill level 4 in Staves
  1753 | D:1      | Reached XP level 4. HP: 14/29 MP: 4/4
  2556 | D:2      | Slain by a gnoll

Illustrated notes

Levels and vault maps discovered:
D:1:      minmay_arrival_arboretum_small, layout_rooms, minmay_tromino_i2
D:2:      layout_basic, uniq_robin

Skill      XL: |  1  2  3 |
---------------+----------+-----
Throwing       | 3 |  3.4
Staves         | 4 |  4.2
Fighting       | |  2.0
Dodging        | |  3.0

Action                   |  1- 3 |  4- 6 || total
-------------------------+-------+-------++-------
Melee: Quarterstaff      |    82 |    23 ||   105
       Constrict         |    17 |     5 ||    22
       Tentacles         |    11 |     3 ||    14
  Use: Scroll            |       |     1 ||     1
 Stab: Sleeping          |     3 |     2 ||     5
Armor: Skin              |    17 |       ||    17
Dodge: Dodged            |    70 |    19 ||    89
